Map: Celestial Enclave LE

Players

Isi

  • Race: Terran Terran
  • League: Master
  • Spawn Location: 1:00

SCIInewby - Winner!

  • Race: Protoss Protoss
  • League: Master
  • Spawn Location: 7:00

VOD

Have the link to the VOD?

Description

Time

  • Played on: Feb. 10, 2026, 11:52 a.m.
  • Length: 14:51
Show
View Real Time Build Order
Export as new Build Order

Isi Terran 

Build Orders:  

Get SALT Encoding   

  12  0:01  SCV  
  13  0:13  SCV  
  14  0:28  Supply Depot  
  14  0:35  Refinery  
  14  0:39  Refinery, SCV  
  15  0:51  Supply Depot, SCV  
  16  1:03  SCV  
  17  1:07  Barracks  
  17  1:24  Barracks  
  17  1:26  SCV  
  18  1:38  SCV  
  19  1:50  SCV  
  20  2:02  SCV  
  21  2:12  Supply Depot  
  21  2:14  SCV  
  22  2:17  Factory  
  22  2:18  Barracks Tech Lab  
  22  2:27  SCV  
  23  2:30  Barracks Reactor  
  23  2:38  Supply Depot  
  23  2:39  SCV  
  24  2:51  SCV  
  25  3:03  SCV  
  25  3:04  Factory Tech Lab  
  26  3:08  Starport  
  26  3:11  Marine x2  
  28  3:18  Bunker  
  28  3:28  Marauder, Marine  
  28  3:29  Marine  
  32  3:51  Bunker  
  32  3:53  Marine x2  
  34  4:11  Marine x2  
  34  4:13  Engineering Bay  
  34  4:15  Starport Tech Lab  
  36  4:23  Starport  
  36  4:24  Siege Tank  
  36  4:29  Marine x2  
  41  4:34  Supply Depot  
  41  4:47  Marine x2  
  41  4:50  Orbital Command  
  43  4:52  Medivac  
  43  4:57  Supply Depot  
  45  5:07  Siege Tank  
  45  5:12  Missile Turret  
  48  5:33  Missile Turret  
  48  5:40  Command Center  
  48  6:24  Missile Turret  
  48  6:35  Missile Turret  
  48  6:43  Starport Tech Lab  
  48  6:48  Liberator  
  48  6:49  Missile Turret  
  51  6:55  Missile Turret, Refinery  
  51  7:32  Missile Turret  
  51  7:54  Missile Turret  
  51  7:57  Viking  
  51  7:58  Viking  
  55  8:06  SCV  
  56  8:18  SCV  
  57  8:22  Missile Turret  
  57  8:27  Viking  
  57  8:28  Viking  
  57  8:30  SCV  
  53  8:42  Fusion Core, SCV  
  54  8:54  SCV  
  55  8:57  Supply Depot, Viking  
  55  8:58  Viking  
  59  9:12  Bunker  
  59  9:22  Refinery  
  59  9:24  Orbital Command  
  59  9:27  Viking  
  59  9:28  Viking  
  63  9:52  Marine x2  
  65  9:57  Viking x2  
  69  10:05  Bunker  
  69  10:09  Missile Turret  
  69  10:10  Marine  
  70  10:14  Missile Turret  
  70  10:24  Command Center  
  70  10:30  Supply Depot  
  70  10:51  Supply Depot, Liberator, Marine x2, Viking  
  77  11:09  Marine  
  78  11:12  Marine  
  78  11:14  Supply Depot  
  79  11:21  Viking  
  79  11:24  Missile Turret  
  81  11:27  Marine  
  82  11:34  Viking  
  82  11:37  Refinery  
  84  11:46  Missile Turret  
  84  11:47  Command Center  
  84  11:51  Viking  
  86  11:54  Supply Depot  
  86  12:09  Viking  
  88  12:16  Supply Depot  
  88  12:21  Viking  
  90  12:23  SCV  
  91  12:35  SCV  
  92  12:39  Viking  
  92  12:41  Supply Depot  
  94  12:47  SCV  
  95  12:51  Viking  
  97  13:00  Refinery  
  97  13:03  Supply Depot  
  97  13:05  Armory  
  94  13:09  Viking  
  75  13:21  Viking  
Show
View Real Time Build Order
Export as new Build Order

SCIInewby Protoss - Winner!

Build Orders: Forge Fast Expand (FFE) 

Get SALT Encoding   

  12  0:06  Probe  
  13  0:19  Probe  
  14  0:27  Pylon  
  14  0:32  Probe  
  15  0:49  Forge  
  15  0:52  Probe  
  16  1:00  Probe  
  16  1:10  Probe  
  18  1:22  Nexus  
  18  1:24  Probe  
  19  1:37  Probe  
  20  1:41  Assimilator  
  20  1:45  Probe, Assimilator  
  20  1:53  Probe  
  21  1:59  Gateway  
  22  2:22  Pylon  
  22  2:25  Probe  
  23  2:33  Probe  
  23  2:34  Probe  
  24  2:42  Probe x2  
  25  2:49  Photon Cannon  
  25  2:51  Probe  
  27  2:52  Probe  
  27  2:57  Assimilator  
  29  2:59  Assimilator  
  29  3:03  Probe  
  29  3:04  Probe  
  29  3:05  Cybernetics Core  
  31  3:15  Probe  
  31  3:16  Probe  
  31  3:17  Pylon  
  33  3:30  Photon Cannon  
  33  3:33  Warp Gate  
  32  3:38  Zealot  
  34  3:41  Protoss Ground Weapons Level 1  
  34  3:45  Pylon  
  34  3:47  Pylon  
  34  3:49  Pylon  
  34  3:50  Probe  
  34  3:51  Probe  
  36  3:58  Probe  
  37  4:03  Probe  
  38  4:11  Twilight Council  
  38  4:15  Probe  
  39  4:17  Probe  
  39  4:18  Stalker  
  42  4:27  Probe  
  42  4:31  Gateway  
  43  4:35  Gateway  
  43  4:43  Pylon  
  43  4:48  Photon Cannon  
  43  4:53  Photon Cannon  
  43  5:02  Charge  
  43  5:24  Pylon  
  43  5:25  Stalker  
  43  5:26  Stalker, Pylon  
  47  5:28  Pylon  
  47  5:33  Gateway  
  47  5:39  Dark Shrine  
  47  5:40  Pylon  
  47  5:51  Probe x2  
  47  5:54  Stargate  
  47  5:55  Stargate  
  49  5:59  Probe  
  49  6:01  Zealot  
  52  6:04  Zealot  
  52  6:07  Zealot  
  52  6:08  Probe  
  57  6:24  Pylon  
  57  6:26  Pylon, Probe x2  
  57  6:31  Pylon  
  59  6:38  Probe, Zealot  
  59  6:39  Zealot  
  64  6:53  Dark Templar  
  66  6:54  Fleet Beacon  
  66  6:56  Dark Templar  
  66  7:01  Protoss Shields Level 1  
  68  7:06  Dark Templar  
  70  7:19  Dark Templar  
  72  7:26  Dark Templar  
  74  7:33  Nexus  
  74  7:36  Pylon  
  74  7:40  Photon Cannon  
  74  7:44  Probe, Photon Cannon  
  75  7:45  Probe  
  76  7:52  Zealot  
  76  7:54  Zealot  
  76  7:56  Probe  
  76  7:57  Zealot  
  83  8:09  Carrier  
  65  8:42  Nexus  
  65  8:48  Assimilator  
  59  8:49  Pylon, Assimilator  
  59  8:52  Pylon, Probe x3  
  58  8:56  Assimilator  
  58  9:02  Dark Templar  
  60  9:03  Dark Templar  
  60  9:04  Dark Templar, Probe x2  
  60  9:06  Dark Templar  
  68  9:11  Probe  
  68  9:12  Probe  
  70  9:18  Probe  
  70  9:19  Probe  
  70  9:20  Probe  
  72  9:26  Probe  
  72  9:29  Carrier  
  80  9:39  Carrier  
  86  9:53  Robotics Facility x2  
  86  10:00  Probe x2  
  86  10:01  Probe x2  
  90  10:08  Probe, Pylon  
  90  10:10  Pylon  
  90  10:12  Pylon  
  90  10:13  Probe x3  
  94  10:19  Probe  
  94  10:25  Probe, Carrier  
  94  10:26  Dark Templar x3  
  94  10:27  Dark Templar  
  110  10:47  Photon Cannon  
  110  10:48  Immortal  
  110  10:49  Photon Cannon  
  110  10:54  Immortal  
  114  11:07  Protoss Shields Level 2  
  118  11:12  Robotics Bay  
  118  11:18  Forge  
  118  11:21  Gateway  
  118  11:23  Gateway  
  118  11:27  Immortal  
  118  11:29  Zealot x3  
  124  11:33  Shadow Stride  
  124  11:39  Immortal  
  132  11:45  Tempest  
  132  11:46  Stalker  
  134  11:49  Stalker  
  134  11:50  Stalker  
  134  11:51  Stalker, Tempest  
  144  12:05  Probe  
  144  12:06  Probe x2  
  151  12:10  Dark Templar  
  151  12:13  Dark Templar, Stalker  
  151  12:15  Protoss Ground Weapons Level 2  
  157  12:20  Zealot x3  
  163  12:29  Extended Thermal Lance  
  163  12:43  Probe x4  
  167  12:47  Zealot  
  167  12:49  Zealot  
  171  12:55  Probe  
  171  12:56  Nexus  
  134  13:32  Zealot x2  
  134  13:33  Zealot x4  
  140  13:42  Colossus x2  
  140  13:45  Tempest x2  
  150  13:57  Zealot x2  
  150  13:58  Zealot x2  
  150  13:59  Zealot x2  
  154  14:17  Stalker x4  
  156  14:24  Probe x4  
  156  14:25  Probe  
  151  14:33  Stalker x5  
  161  14:42  Unknown  
Tags
 
Add a new tag
Caveats
  • Supply blocks, unpowered buildings, or Contaminate may cause inaccurate times.
  • Supply counts are checked every 10 seconds.